[Event "*** Titled Tuesday Blitz"]
[Site "Chess.com"]
[Date "2020.04.21"]
[Round "1"]
[White "Caterpiller35"]
[Black "Matibar"]
[Result "0-1"]
[WhiteElo "2397"]
[BlackElo "2774"]
[TimeControl "180+1"]
[EndTime "10:07:14 PDT"]
[Termination "Matibar won on time"]

1. d4 e6 2. Bf4 b6 3. e3 Bb7 4.
Nf3 d6 5. Nbd2 Nd7 6. Bd3 h6 7.
h3 g5 8. Bh2 Bg7 9. c3 f5 10. e4 f4 11. g3 e5 12. gxf4 exf4 13.
Rg1 Qe7 14. Qa4 Nf6 15. O-O-O O-O 16. Qc4+ Rf7 17. Qxc7 Nc5 18. Qxe7 Nxd3+ 19. Kc2 Rxe7 20. Kxd3 Nxe4 21. Rdf1 Kf7 22. h4 Bf6 23. c4 Nxd2 24.
Nxd2 Bc8 25. Nf3 Bf5+ 26. Kc3 g4 27. Nd2 f3 28. Bf4 h5 0-1

[Event "*** Titled Tuesday Blitz"]
[Site "Chess.com"]
[Date "2020.04.21"]
[Round "1"]
[White "IMTominho"]
[Black "ace_mar"]
[Result "1-0"]
[WhiteElo "2763"]
[BlackElo "2396"]
[TimeControl "180+1"]
[EndTime "10:07:14 PDT"]
[Termination "IMTominho won by resignation"]

1. d4 Nf6 2. c4 e6 3. Nf3 d5 4. Nc3 Bb4 5. cxd5 exd5 6. Bg5 h6 7. Bxf6 Qxf6 8. Qa4+ Nc6 9. e3 O-O 10. Rc1 Qg6 11.
Qd1 Be6 12. a3 Be7 13. h3 a6 14. Bd3 Qh5 15. Ne2 Bd6 16. Bb1 Rae8 17. Qd3 f5 18.
O-O Rf7 19. Nf4 Bxf4 20. exf4 Bd7 21. Ba2 Be6 22. Rfe1 Rd7 23. Qb3 Nd8 24. Qb4 c6 25.
Re3 Nf7 26. Rce1 Rde7 27. Bb1 Kh8 28. Bc2 Kg8 29. Bd1 Qg6 30. Bc2 Qf6 31. a4 Kh8 32. Qc5 Kg8 33. b4 Kh8 34. Bd3 Kg8 35. b5 axb5 36.
axb5 cxb5 37. Bxb5 Rd8 38. Qb6 Rd6 39. Qc5 Rd8 40.
Ba4 Nd6 41. Qb6 Rf8 42. Qxd6 1-0

[Event "*** Titled Tuesday Blitz"]
[Site "Chess.com"]
[Date "2020.04.21"]
[Round "1"]
[White "Ekka83"]
[Black "Arek_pacitan"]
[Result "0-1"]
[WhiteElo "2177"]
[BlackElo "2557"]
[TimeControl "180+1"]
[EndTime "10:07:14 PDT"]
[Termination "Arek_pacitan won by resignation"]

1. e4 c5 2. Nf3 e6 3. a3 Nc6 4. Bc4 d5 5. exd5 exd5 6. Ba2 Nf6 7. O-O Be7 8. d4 c4 9. b3 cxb3 10. Bxb3 O-O 11. Bg5 h6 12. Bh4 Be6 13. Nc3 Rc8 14. Re1 Na5 15. Qd3 Nc4 16. Ne2 a6 17. Nf4 Ne4 18. Nxe6 fxe6 19. Bxe7 Qxe7 20. Rxe4 dxe4 21.
Qxe4 b5 22. Re1 Rf6 23. d5 Re8 24. Bxc4 bxc4 25. Qxc4 Qd6 26. h3 Kh8 27. Qd3 Qb6 28. c4 Rd8 29. Re2 exd5 30. cxd5 Qc5 31. h4 Kg8 32.
Rd2 Rfd6 33. Qb3 Qb5 34. Qa2 Rb8 35. Nd4 Qb1+ 36. Qxb1 Rxb1+ 37. Kh2 Rxd5 38. Nf3 Rxd2 39. Nxd2 Rb2 40. Nc4 Rxf2 41. Kg3 Rc2 42. Nd6 Rc3+ 43. Kf4 Rxa3 44. h5 Ra5 45. g4 Rd5 46. Nc4 Rd4+ 47. Kf5 Rxc4 0-1

[Event "*** Titled Tuesday Blitz"]
[Site "Chess.com"]
[Date "2020.04.21"]
[Round "1"]
[White "MusicCityMaster"]
[Black "Volodar_Murzin"]
[Result "0-1"]
[WhiteElo "2281"]
[BlackElo "2613"]
[TimeControl "180+1"]
[EndTime "10:07:15 PDT"]
[Termination "Volodar_Murzin won by resignation"]

1. d4 Nf6 2. Bf4 d6 3. Nc3 g6 4. Qd2 Bg7 5. e4 O-O 6. O-O-O Nc6 7. Bh6 e5 8. Bxg7 Kxg7 9. d5 Ne7 10. h4 h5 11. Nh3 a6 12. f4 exf4 13. Nxf4 Ng4 14. Re1 Ng8 15. Nce2 Re8 16. Ng3 N8f6 17. Bd3 Re5 18. Ref1 Qe7 19. Rf3 Nh6 20. Qc3 Bg4 21. Rf2 Kh7 22. Rhf1 Nfg8 23. Nh3 Bxh3 24. gxh3 Rf8 25.
Rf4 Qd7 26. Kb1 Qxh3 27. Be2 Qd7 28. a3 c6 29. Bxh5 gxh5 30. Qf3 Ng4 31. Nxh5 Rxh5 32. Rxg4 Rh6 33. h5 Rf6 34. Qg2 Rxf1+ 35. Qxf1 Qxg4 36.
h6 0-1

[Event "*** Titled Tuesday Blitz"]
[Site "Chess.com"]
[Date "2020.04.21"]
[Round "1"]
[White "Larina_Marija"]
[Black "Twitch_ElhamBlitz05"]
[Result "0-1"]
[WhiteElo "2274"]
[BlackElo "2608"]
[TimeControl "180+1"]
[EndTime "10:07:15 PDT"]
[Termination "Twitch_ElhamBlitz05 won on time"]

1. e4 c6 2. d4 d5 3. Nd2 dxe4 4. Nxe4 Nf6 5. Nxf6+ exf6 6. c3 Bd6 7. Bd3 O-O 8.
Qc2 Re8+ 9. Ne2 h5 10. O-O h4 11.
h3 Be6 12. Kh1 Nd7 13. Ng1 Nf8 14. Nf3 g5 15. Bd2 Bc7 16. Bf5 Bd5 17. Ng1 Ne6 18. c4 Nxd4 19. Qd3 Nxf5 20. cxd5 Qxd5 21. Qxd5 cxd5 22.
Rad1 Be5 23. Bc1 Rad8 24. Nf3 Bc7 25. Nd4 Nxd4 26. Rxd4 Re2 27. Rd2 Rxd2 28. Bxd2 Be5 29. b3 d4 30. f4 Bxf4 31. Bxf4 gxf4 32. Rxf4 d3 33. Rf1 d2 34. Rd1 Kg7 35. g3 hxg3 36. Kg2 Rd3 37. Kf1 f5 38. Ke2 Rd8 39.
Kf3 Kf6 40. Kxg3 Kg5 41. h4+ Kh5 42. Kf4 Rd5 43. a3 a5 44. b4 axb4 45. axb4 b5 46.
Kg3 Rd4 47. Kf2 Kxh4 48. Ke3 Rd5 49. Kf4 Kh5 0-1

[Event "*** Titled Tuesday Blitz"]
[Site "Chess.com"]
[Date "2020.04.21"]
[Round "1"]
[White "HarryCun"]
[Black "GulamaliRises"]
[Result "0-1"]
[WhiteElo "2158"]
[BlackElo "2546"]
[TimeControl "180+1"]
[EndTime "10:07:15 PDT"]
[Termination "GulamaliRises won on time"]

1. Nf3 d5 2. g3 g6 3. Bg2 Bg7 4.
O-O e5 5. d3 Ne7 6. Nbd2 O-O 7.
e4 Nbc6 8. Re1 Re8 9. b3 d4 10. Bb2 h6 11. h3 Be6 12. g4 Qd7 13. Nf1 Nd8 14. Ng3 c5 15. Nh2 Ndc6 16. Bc1 b5 17.
f4 exf4 18. Bxf4 Ne5 19. Nf3 N7c6 20. Qd2 Kh7 21. Nxe5 Nxe5 22. Nf5 gxf5 23. gxf5 Rg8 24. fxe6 fxe6 25. Rf1 Qe7 26. Rf2 Qh4 27. Raf1 Ng6 28. Bd6 e5 29. Bxc5 Nf4 30. Rxf4 exf4 31. Rxf4 Qg5 32. Qf2 Rac8 33. b4 Rc7 34. Kh1 Be5 35.
Rf5 Qg7 36. Bf3 Rf7 37. Bg4 Rxf5 38. Bxf5+ Kh8 39. Bg4 Qf6 40. Qxf6+ Bxf6 41. Bxa7 Ra8 42. Bc5 Rxa2 43. Bd7 Rxc2 44. Bxb5 Rc1+ 45. Kg2 Rc2+ 46.
Kg3 Rc3 47. Bc4 Be5+ 48. Kf3 Rc1 49. Kg4 Rf1 0-1

[Event "*** Titled Tuesday Blitz"]
[Site "Chess.com"]
[Date "2020.04.21"]
[Round "1"]
[White "Gennady_Kozlov"]
[Black "pirulillo"]
[Result "1-0"]
[WhiteElo "2545"]
[BlackElo "2155"]
[TimeControl "180+1"]
[EndTime "10:07:15 PDT"]
[Termination "Gennady_Kozlov won on time"]

1. b3 Nf6 2. Bb2 g6 3. e3 Bg7 4.
f4 O-O 5. Nf3 d5 6. Be2 c5 7.
O-O Nc6 8. Ne5 Qc7 9. Nxc6 Qxc6 10. Bf3 b6 11. a4 Bb7 12. Qe2 a6 13. d3 Rad8 14. Nd2 Qc8 15. g4 Qa8 16. Rae1 Ne8 17.
Bxg7 Nxg7 18. Qg2 Rd7 19. e4 dxe4 20. Nxe4 Bxe4 21. Bxe4 Qb8 22. f5 Qd6 23. Bc6 Rc7 24.
Bd5 b5 25. fxg6 hxg6 26. axb5 axb5 27. Ra1 e6 28. Be4 b4 29. Qf2 f5 30. gxf5 exf5 31.
Bg2 Ne6 32. Ra5 Nd4 33. Rfa1 Re7 34. Ra6 Ne2+ 35. Kh1 Qf4 36. Rxg6+ Kh7 37. Qxf4 Nxf4 38. Rc6 Re2 39. Bd5 Nxd5 40. Ra7+ Re7 41. Raa6 Kg7 42. Rxc5 Rd8 43. Kg2 f4 44. Raa5 Ne3+ 45. Kf3 Rf7 46. Rab5 Kf8 47. Rxb4 Rd6 48. Rb8+ 1-0

[Event "*** Titled Tuesday Blitz"]
[Site "Chess.com"]
[Date "2020.04.21"]
[Round "1"]
[White "Bigfish1995"]
[Black "Olga_Girya"]
[Result "1-0"]
[WhiteElo "3076"]
[BlackElo "2476"]
[TimeControl "180+1"]
[EndTime "10:07:16 PDT"]
[Termination "Bigfish1995 won on time"]

1. d4 d5 2. c4 c6 3. Nf3 Nf6 4. e3 Bg4 5. Qb3 Qb6 6. Nc3 e6 7. Nh4 Bh5 8. h3 Nbd7 9. g4 Bg6 10. Nxg6 hxg6 11. g5 Ne4 12. Nxe4 dxe4 13. Bd2 Rh4 14. c5 Qc7 15. Rg1 Be7 16. O-O-O b6 17. cxb6 axb6 18.
Kb1 Kf8 19. Rc1 Qb7 20. Bg2 c5 21. Bf1 cxd4 22. exd4 Rd8 23. Qg3 Rh8 24. Rc7 Qd5 25. Qc3 Bd6 26. Ra7 Qf5 27. Be3 Ke7 28. Qc6 Qd5 29.
Bb5 Qxc6 30. Bxc6 Bh2 31. Rd1 Rxh3 32. d5 e5 33. Bxb6 1-0

[Event "*** Titled Tuesday Blitz"]
[Site "Chess.com"]
[Date "2020.04.21"]
[Round "1"]
[White "youngKID"]
[Black "Crazy_girl99"]
[Result "1-0"]
[WhiteElo "2794"]
[BlackElo "2414"]
[TimeControl "180+1"]
[EndTime "10:07:16 PDT"]
[Termination "youngKID won by resignation"]

1. e4 e5 2. Nf3 Nc6 3. Bb5 a6 4.
Bxc6 dxc6 5. Nc3 f6 6. d4 exd4 7. Qxd4 Qxd4 8. Nxd4 Bd7 9. Bf4 O-O-O 10.
O-O-O Ne7 11. Nb3 Ng6 12. Be3 b6 13. h4 h5 14. f3 Kb7 15. Nd2 Be6 16. Ne2 c5 17. Nf4 Nxf4 18. Bxf4 Be7 19. b3 Kc6 20. Kb2 Rd7 21. Nc4 Bxc4 22. Rxd7 Kxd7 23. bxc4 Kc6 24.
Rd1 Rb8 25. Rd5 g6 26. a4 Rg8 27. Kc3 g5 28. hxg5 fxg5 29. Be3 h4 30. Kd3 g4 31.
Rh5 gxf3 32. gxf3 Rg3 33. Ke2 Rg2+ 34. Bf2 Rh2 35. f4 h3 36. Kf3 Rh1 37. e5 h2 38.
f5 Rc1 39. Rxh2 Rxc2 40. f6 Rc3+ 41. Ke4 Bf8 42. Rh8 Bd6 43. exd6 Kxd6 44. f7 Rxc4+ 45. Kf5 1-0

[Event "*** Titled Tuesday Blitz"]
[Site "Chess.com"]
[Date "2020.04.21"]
[Round "1"]
[White "poliplaza"]
[Black "Orange_Ghost"]
[Result "0-1"]
[WhiteElo "2411"]
[BlackElo "2785"]
[TimeControl "180+1"]
[EndTime "10:07:16 PDT"]
[Termination "Orange_Ghost won by resignation"]

1. d4 Nf6 2. c4 g6 3. Nc3 d5 4.
Nf3 Bg7 5. Qb3 dxc4 6. Qxc4 a6 7.
e4 b5 8. Qd3 O-O 9. Be2 c5 10.
dxc5 Nc6 11. Nd5 Be6 12. Nb6 Qxd3 13. Bxd3 Rad8 14. Bb1 Nd7 15. Nxd7 Rxd7 16. O-O Rfd8 17. a4 Rd1 18. Bc2 Rxf1+ 19. Kxf1 Nb4 20. Bf4 Nxc2 21. Rc1 Bc4+ 22. Kg1 Bxb2 23. Rb1 Ba2 24. Rf1 bxa4 25. c6 Rc8 26. c7 e5 27. Nxe5 Rxc7 28. Nd3 Rb7 29. h4 Bg7 30. Rc1 Bb3 31.
Nc5 Re7 32. Bd6 Re8 33. Rd1 Nd4 34. e5 Bxd1 0-1

[Event "*** Titled Tuesday Blitz"]
[Site "Chess.com"]
[Date "2020.04.21"]
[Round "1"]
[White "obliviate12"]
[Black "profofchess"]
[Result "1-0"]
[WhiteElo "2767"]
[BlackElo "2399"]
[TimeControl "180+1"]
[EndTime "10:07:16 PDT"]
[Termination "obliviate12 won by resignation"]

1. e4 e6 2. d4 d5 3. Nc3 Bb4 4. e5 c5 5. a3 Bxc3+ 6. bxc3 Ne7 7. h4 b6 8. h5 h6 9. Qg4 Kf8 10. a4 Ba6 11. Bb5 Bxb5 12. axb5 a5 13. dxc5 bxc5 14. Nf3 Nd7 15. O-O Qc7 16. Re1 Kg8 17.
c4 d4 18. Ba3 Nb6 19. Nd2 Rc8 20. Qf3 Nd7 21. Qe4 Rb8 22. Nb3 a4 23. Nxd4 cxd4 24. Bxe7 Qxc4 25. Rad1 Qd5 26. Rxd4 Qxe4 27. Rexe4 Nb6 28. c4 Kh7 29. Bd6 Ra8 30. c5 Nd5 31. Rxa4 Nc3 32. Rxa8 Rxa8 33. Rb4 Ra1+ 34. Kh2 Nd5 35.
Rb2 Rc1 36. b6 Nf4 37. b7 Nd3 38. b8=Q 1-0

[Event "*** Titled Tuesday Blitz"]
[Site "Chess.com"]
[Date "2020.04.21"]
[Round "1"]
[White "Baby_Legs"]
[Black "Sunnika"]
[Result "1-0"]
[WhiteElo "2688"]
[BlackElo "2356"]
[TimeControl "180+1"]
[EndTime "10:07:16 PDT"]
[Termination "Baby_Legs won on time"]

1. d4 Nf6 2. c4 c5 3. d5 e6 4. Nc3 exd5 5. cxd5 d6 6. e4 g6 7. Nge2 Bg7 8. Ng3 h5 9. Be2 h4 10. Nf1 h3 11. g3 O-O 12. Bg5 Qa5 13. Nd2 Re8 14. O-O a6 15. a4 Qc7 16. Qc2 Nbd7 17. Nc4 Ne5 18. Nxe5 Rxe5 19. Bf4 Re8 20. a5 Nd7 21.
Na4 Rb8 22. Ra3 Ne5 23. Nb6 Bd7 24. b4 Bb5 25. Rc1 Bxe2 26. Qxe2 Qe7 27. bxc5 dxc5 28.
Rac3 g5 29. Be3 g4 30. Bxc5 Qg5 31. Be3 Qg6 32. Bf4 Nf3+ 33. Rxf3 gxf3 34. Qxf3 Rbd8 35. Re1 Bd4 36. e5 Bc5 37. Nc4 1-0

[Event "*** Titled Tuesday Blitz"]
[Site "Chess.com"]
[Date "2020.04.21"]
[Round "1"]
[White "Jeffinho023"]
[Black "yobdc"]
[Result "0-1"]
[WhiteElo "2465"]
[BlackElo "1707"]
[TimeControl "180+1"]
[EndTime "10:07:16 PDT"]
[Termination "yobdc won by resignation"]

1. d4 d5 2. Nf3 Nf6 3. Bf4 e6 4. e3 Bd6 5. Bg3 c5 6. c3 Nc6 7.
Nbd2 Qe7 8. Ne5 Nd7 9. Bb5 Ndxe5 10. dxe5 Bc7 11. O-O Bd7 12. Nf3 g5 13. c4 dxc4 14. Qe2 h5 15. h4 g4 16. Nd2 Nxe5 17. Bxd7+ Qxd7 18. Bxe5 Bxe5 19. Nxc4 Bc7 20. Rad1 Qc6 21. g3 Rd8 22. Rxd8+ Kxd8 23. Rd1+ Kc8 24. Qc2 f5 25.
Qc3 Re8 26. Qg7 Kb8 27. Qf7 Rc8 28. Rd7 Qe4 29. b3 b5 30. Rxc7 Rxc7 31. Qe8+ Rc8 32. Qxb5+ Ka8 33. Nd6 Qc6 34. Qxc6+ Rxc6 35. Nc4 Rc7 36. Kf1 Rd7 37. Ke2 Rd5 38. Na3 Kb7 39. Nc4 Kc6 40. a3 Kb5 41. Nd2 e5 42. Nc4 e4 43. Nb2 a5 44. Na4 Rd3 0-1

[Event "*** Titled Tuesday Blitz"]
[Site "Chess.com"]
[Date "2020.04.21"]
[Round "1"]
[White "Galileo22"]
[Black "Shahinyan_ChessMood"]
[Result "0-1"]
[WhiteElo "2326"]
[BlackElo "2657"]
[TimeControl "180+1"]
[EndTime "10:07:18 PDT"]
[Termination "Shahinyan_ChessMood won by resignation"]

1. Nf3 d5 2. d4 e6 3. c4 f5 4. Nc3 Nf6 5. Bf4 c6 6. e3 Bd6 7. Ne5 O-O 8. h3 Qe7 9. a3 Nbd7 10. g4 Ne4 11. Nxd7 Bxd7 12. Bxd6 Qxd6 13. f4 c5 14.
cxd5 Nxc3 15. bxc3 exd5 16. g5 Rfe8 17. Kf2 c4 18. Bg2 Re7 19. Re1 Rae8 20. Qb1 b6 21. Qb4 Qc6 22. h4 a5 23. Qb2 Qd6 24. Rab1 Re6 25.
h5 Ba4 26. Bf3 Bb3 27. Qc1 b5 28. Qb2 Kf7 29. Bd1 a4 30. Bf3 Ke7 31. Re2 Kd7 32. Rh1 Kc6 33. Ree1 R8e7 34. Qc1 Re8 35. Rh3 Qe7 36. Bg2 h6 37. g6 Qd6 38. Re2 Qxf4+ 39. exf4 Rxe2+ 40. Kg3 Re1 41. Qd2 R8e2 42. Qxe2 Rxe2 43. Rh1 Re3+ 44. Kf2 Rxc3 45. Re1 Rc2+ 46. Kg1 c3 47. Re7 Rc1+ 48. Kh2 c2 49. Rxg7 Rh1+ 50.
Bxh1 c1=Q 51. Rf7 Qxf4+ 52. Kh3 Qg4+ 53. Kh2 Qxh5+ 54. Kg1 Qxg6+ 55. Bg2 Qxf7 0-1

[Event "*** Titled Tuesday Blitz"]
[Site "Chess.com"]
[Date "2020.04.21"]
[Round "1"]
[White "DishonorOnYourCow"]
[Black "LionTheLeon_06"]
[Result "0-1"]
[WhiteElo "2303"]
[BlackElo "2630"]
[TimeControl "180+1"]
[EndTime "10:07:18 PDT"]
[Termination "LionTheLeon_06 won on time"]

1. d4 Nf6 2. c4 e6 3. Nf3 b6 4. g3 Ba6 5. Qc2 c5 6. Bg2 Bb7 7. O-O Be7 8. b3 cxd4 9. Nxd4 Bxg2 10. Kxg2 d6 11. Bb2 a6 12. Nd2 O-O 13. Rfd1 Qc7 14.
Rac1 Nbd7 15. e4 Rac8 16. N2f3 Qb7 17. Re1 Rfe8 18. Qe2 Bf8 19. Kg1 h6 20. Rcd1 Nc5 21. e5 dxe5 22. Nxe5 Red8 23. Ng4 Be7 24. Nc2 Ne8 25. Qe3 Rxd1 26. Rxd1 Qc7 27. Be5 Qc6 28. Nd4 Qe4 29. Qxe4 Nxe4 30. Ne2 f6 31. Bb2 Rd8 32. Rxd8 Bxd8 33. Ne3 Kf7 34. Nd4 Bc7 35. f3 Nc5 36. Kf2 Nd6 37. Ke2 h5 38. Nec2 g5 39. Kf2 Nc8 40. Ke3 Ne7 41. b4 Nd7 42. a4 Ng6 0-1

[Event "*** Titled Tuesday Blitz"]
[Site "Chess.com"]
[Date "2020.04.21"]
[Round "1"]
[White "lucasran"]
[Black "dennisodessa"]
[Result "1-0"]
[WhiteElo "2610"]
[BlackElo "2276"]
[TimeControl "180+1"]
[EndTime "10:07:18 PDT"]
[Termination "lucasran won on time"]

1. Nf3 Nf6 2. c4 e6 3. g3 b6 4.
Bg2 Bb7 5. O-O Be7 6. Nc3 O-O 7.
Re1 Ne4 8. Nxe4 Bxe4 9. d3 Bb7 10. e4 c5 11. d4 cxd4 12. Nxd4 d6 13. Be3 Nd7 14.
Rc1 a6 15. b3 Rc8 16. Ne2 Qc7 17. Nc3 Rfd8 18. Qd2 Nc5 19. Red1 Qb8 20. Bd4 Qa8 21. Qb2 e5 22. Be3 Nxe4 23. Nxe4 Bxe4 24. Bxe4 Qxe4 25.
Bxb6 Re8 26. Qc2 Qc6 27. Be3 a5 28. Qd3 Rb8 29. Rb1 Rec8 30. a4 g6 31. Qd5 Qc7 32. Rd3 Rb7 33. Rc1 Rcb8 34. c5 dxc5 35. Bxc5 Bxc5 36. Rxc5 Qe7 37. Rxa5 Rxb3 38. Rxb3 Rxb3 39.
Qxb3 Qd6 40. Rd5 Qc6 41. Rd1 Kg7 42. a5 Qa6 43. Qc3 1-0

[Event "*** Titled Tuesday Blitz"]
[Site "Chess.com"]
[Date "2020.04.21"]
[Round "1"]
[White "mitraasz"]
[Black "Alexchess1984"]
[Result "0-1"]
[WhiteElo "2214"]
[BlackElo "2569"]
[TimeControl "180+1"]
[EndTime "10:07:18 PDT"]
[Termination "Alexchess1984 won by checkmate"]

1. d4 Nf6 2. Nf3 g6 3. Bf4 Bg7 4. e3 d6 5. Be2 Nh5 6. O-O Nxf4 7. exf4 O-O 8. c3 b6 9. Re1 Bb7 10. Nbd2 e6 11. a4 a5 12. Nc4 Nd7 13. Bf1 Nf6 14.
Qd3 Qd7 15. b3 Qc6 16. Rad1 Nd5 17. Ng5 Nxf4 18. Qg3 Nh5 19. Qh3 h6 20. Nf3 Rae8 21.
Bd3 f5 22. Bb1 Nf4 23. Qg3 g5 24. h4 Nh5 25. Qh2 g4 26. Nfd2 e5 27. Nf1 f4 28.
Bg6 Nf6 29. Bxe8 Rxe8 30. dxe5 dxe5 31. Nxe5 g3 32. fxg3 Qc5+ 33. Kh1 Rxe5 34. gxf4 Ng4 35. Rd8+ Kh7 36. Qg3 Nf2+ 37. Kh2 Rxe1 38. f5 Qe5 39. Qxe5 Bxe5+ 40. Ng3 Rh1# 0-1

[Event "*** Titled Tuesday Blitz"]
[Site "Chess.com"]
[Date "2020.04.21"]
[Round "1"]
[White "r31415"]
[Black "EugeneRougon"]
[Result "0-1"]
[WhiteElo "2372"]
[BlackElo "2707"]
[TimeControl "180+1"]
[EndTime "10:07:19 PDT"]
[Termination "EugeneRougon won on time"]

1. e4 d6 2. d4 Nf6 3. Nc3 g6 4. h3 Bg7 5. g4 Nc6 6. d5 Nb8 7. Nge2 e6 8. Bg2 exd5 9. exd5 O-O 10. O-O Nbd7 11. Ng3 Nc5 12. Be3 Re8 13. Qd2 Bd7 14. g5 Nh5 15. Nxh5 gxh5 16. Qe2 Bf5 17. Qxh5 Bxc2 18.
Rfe1 Qd7 19. Qh4 Qf5 20. Nb5 Nd3 21. Nxc7 Nxe1 22. Rxe1 Rac8 23. Nxe8 Rxe8 24. b3 Bc3 25. Rc1 Bb2 26. Re1 Bc3 27. Rc1 b5 28. Kh1 Bb2 29. Re1 Be4 30. Kg1 Bxg2 31. Kxg2 Qxd5+ 32. Kg1 Bc3 33. Rc1 b4 34. Bxa7 Re2 35. Be3 Rxa2 36. Rf1 Qf3 0-1

[Event "*** Titled Tuesday Blitz"]
[Site "Chess.com"]
[Date "2020.04.21"]
[Round "1"]
[White "Glidzhian_Gor"]
[Black "RD4ever"]
[Result "0-1"]
[WhiteElo "2436"]
[BlackElo "2842"]
[TimeControl "180+1"]
[EndTime "10:07:20 PDT"]
[Termination "RD4ever won by checkmate"]

1. e4 e6 2. d4 d5 3. exd5 exd5 4. Bd3 Nc6 5. Ne2 Nb4 6. Bb5+ Bd7 7. Bxd7+ Qxd7 8. O-O O-O-O 9. c3 Nc6 10. b4 Bd6 11. Bf4 Nf6 12. Nd2 Rhe8 13. Bxd6 Qxd6 14. Ng3 h5 15.
Qf3 g6 16. Rfe1 Re6 17. Rxe6 Qxe6 18. Nb3 b6 19. a4 Ne4 20. a5 Nd6 21. h3 Nc4 22.
axb6 cxb6 23. b5 N6a5 24. Nxa5 Nxa5 25. c4 dxc4 26. Qa8+ Kd7 27. Qxa7+ Ke8 28. d5 Rxd5 29. Kf1 Kf8 30. Re1 Qd6 31. Ne4 Qd8 32. h4 Rd1 33.
Nc3 Qd3+ 34. Ne2 Rxe1+ 35. Kxe1 Qb1+ 36. Kd2 Nb3+ 37. Ke3 Qd3+ 38. Kf4 Qxe2 39. Qxb6 Kg7 40. Qc6 Qxf2+ 41. Ke5 Qd4# 0-1

[Event "*** Titled Tuesday Blitz"]
[Site "Chess.com"]
[Date "2020.04.21"]
[Round "1"]
[White "vugarrasulov"]
[Black "zmeeed67"]
[Result "1-0"]
[WhiteElo "2718"]
[BlackElo "2377"]
[TimeControl "180+1"]
[EndTime "10:07:20 PDT"]
[Termination "vugarrasulov won on time"]

1. e4 Nc6 2. Nf3 d6 3. d4 Nf6 4. Nc3 Bg4 5. Be2 g6 6. O-O Bg7 7. Be3 O-O 8. d5 Nb8 9. Nd4 Bxe2 10. Qxe2 c6 11. a4 cxd5 12. exd5 a6 13. a5 Nbd7 14.
Rfd1 Rc8 15. h3 Ne5 16. Ra4 Qc7 17. Bc1 Rfe8 18. Ne4 Nxd5 19. Ng5 Nf6 20. b3 h6 21. Ne4 Nxe4 22. Qxe4 Nc6 23. Nxc6 Qxc6 24. Qxc6 Rxc6 25.
c4 Rd8 26. Be3 e6 27. Bb6 Rd7 28. c5 d5 29. b4 Bc3 30. Kf1 e5 31. Ke2 e4 32. b5 axb5 33. Rxe4 Re6 34. Rxe6 fxe6 35. Kd3 Bf6 36. Rc1 Rf7 37. c6 bxc6 38. a6 Rf8 39.
Rxc6 Ra8 40. a7 Be7 41. Rxe6 Kf7 42. Rc6 b4 43. Kd4 Ke8 44. Kxd5 b3 45. Rc3 Bd8 46.
Be3 1-0

[Event "*** Titled Tuesday Blitz"]
[Site "Chess.com"]
[Date "2020.04.21"]
[Round "1"]
[White "Nikolakis2014"]
[Black "JoachimMouhamad"]
[Result "1-0"]
[WhiteElo "2683"]
[BlackElo "2356"]
[TimeControl "180+1"]
[EndTime "10:07:20 PDT"]
[Termination "Nikolakis2014 won by resignation"]

1. Nf3 c5 2. c4 Nc6 3. Nc3 g6 4.
e3 Bg7 5. d4 cxd4 6. exd4 d6 7.
d5 Nb8 8. Be2 Nf6 9. O-O O-O 10.
Be3 Nbd7 11. h3 Nc5 12. Rc1 Bf5 13. Nd4 Bd7 14. Bf3 Rc8 15. Qe2 Re8 16. Rfd1 Qa5 17.
a3 Na4 18. b4 Nxc3 19. Rxc3 Qa6 20. Rdc1 Rc7 21. Nb5 Rcc8 22. Nxa7 Ra8 23. Nb5 Bxb5 24.
cxb5 Qa4 25. b6 Nd7 26. Rc7 Ne5 27. Rxb7 Qxa3 28. Ra7 Qxb4 29. Qa2 Rab8 30. Be2 f5 31. Rb1 Qc3 32. Rc1 Qb4 33. Rb1 Qc3 34. Qa4 Bf6 35.
Bb5 Red8 36. Rc7 Qd3 37. Bxd3 Nxd3 38. Qc2 1-0

[Event "*** Titled Tuesday Blitz"]
[Site "Chess.com"]
[Date "2020.04.21"]
[Round "1"]
[White "Hanging_pointer"]
[Black "nekotyanof"]
[Result "1-0"]
[WhiteElo "2598"]
[BlackElo "2249"]
[TimeControl "180+1"]
[EndTime "10:07:20 PDT"]
[Termination "Hanging_pointer won by checkmate"]

1. d4 Nf6 2. c4 g6 3. Nf3 Bg7 4. g3 O-O 5. Bg2 d5 6. Nc3 c6 7. O-O b6 8. Ne5 Bb7 9. e4 dxe4 10. Nxe4 Nbd7 11. Nxf6+ Nxf6 12. Nxc6 Qd7 13. d5 Rac8 14. Bf4 Rfe8 15. Re1 Nh5 16. Be5 Bxe5 17. Nxe5 Qc7 18. b3 Ng7 19. h4 Rcd8 20. Qd2 f6 21. Ng4 Nf5 22. Nh6+ Nxh6 23. Qxh6 e5 24. dxe6 Bxg2 25. Kxg2 Qc6+ 26. Kg1 Rxe6 27. Rxe6 Qxe6 28. Rc1 Qe4 29. h5 a5 30. hxg6 hxg6 31. Rf1 Rd7 32. Qh3 f5 33. Qh6 Rd6 34. Qc1 Re6 35. Rd1 Re7 36. Qh6 Kf7 37.
Rd8 Qe1+ 38. Kg2 Qe4+ 39. Kh2 Qf3 40. Qh7+ Kf6 41. Rd6+ Kg5 42. Qh4# 1-0

[Event "*** Titled Tuesday Blitz"]
[Site "Chess.com"]
[Date "2020.04.21"]
[Round "1"]
[White "JiaHaoxiang"]
[Black "annamaja"]
[Result "1-0"]
[WhiteElo "2563"]
[BlackElo "2206"]
[TimeControl "180+1"]
[EndTime "10:07:21 PDT"]
[Termination "JiaHaoxiang won by checkmate"]

1. d4 Nf6 2. c4 e6 3. Nf3 d5 4. g3 Bb4+ 5. Bd2 Be7 6. Bg2 O-O 7. O-O c6 8. Qc2 Nbd7 9. Bf4 Ne4 10. Nbd2 Ndf6 11. Rfd1 b6 12. Ne5 Bb7 13. Nxe4 Nxe4 14. Bxe4 dxe4 15. Qxe4 Qc8 16. c5 f6 17. Nc4 bxc5 18.
dxc5 Bxc5 19. Bd6 Bxd6 20. Nxd6 Qd7 21. Rac1 e5 22. Nf5 Qc7 23. b4 a6 24. Rc5 Rad8 25. Rdc1 Rd7 26. h4 Rfd8 27. h5 Rd1+ 28. Rxd1 Rxd1+ 29. Kh2 Rd5 30. Qg4 Rxc5 31. bxc5 Bc8 32. Ne7+ Qxe7 33.
Qxc8+ Kf7 34. Qxc6 a5 35. Qd5+ Kf8 36. c6 Qc7 37. a4 Ke8 38. Qg8+ Ke7 39. Qxg7+ Kd6 40. Qxf6+ Kd5 41. h6 Qxc6 42. Qf7+ Kd4 43. Qxh7 e4 44.
Qg7+ Kc4 45. h7 e3 46. Qg8+ Kb4 47. h8=Q exf2 48. Qb2+ Kc5 49. Qc3+ Kb6 50. Qb8+ Qb7 51. Qb3+ Kc5 52. Q8xb7 f1=Q 53. Q3d5# 1-0

[Event "*** Titled Tuesday Blitz"]
[Site "Chess.com"]
[Date "2020.04.21"]
[Round "1"]
[White "volcanoexplorer"]
[Black "MoreChessJulia"]
[Result "1-0"]
[WhiteElo "2484"]
[BlackElo "1750"]
[TimeControl "180+1"]
[EndTime "10:07:21 PDT"]
[Termination "volcanoexplorer won by resignation"]

1. e4 c5 2. Nf3 d6 3. d4 cxd4 4. Nxd4 Nf6 5. Nc3 a6 6. h3 e6 7. g4 h6 8. Be3 Nbd7 9. Bg2 Qc7 10. Qd2 Ne5 11. b3 b5 12. f4 Ng6 13. e5 b4 14.
Bxa8 Qxc3 15. Qxc3 bxc3 16. exf6 gxf6 17. Bc6+ Bd7 18.
Bxd7+ Kxd7 19. f5 Ne5 20. fxe6+ fxe6 21. O-O Be7 22. a4 h5 23. gxh5 Rxh5 24. Kg2 f5 25.
Bf4 Ng6 26. Bg3 Bf6 27. Ne2 e5 28. Rad1 f4 29. Nxc3 fxg3 30. Rxf6 Nf4+ 31. Kxg3 Rxh3+ 32. Kg4 Rxc3 33. Rfxd6+ Kc7 34. Rxa6 Rxc2 35. b4 Rc4 36. b5 Nd3+ 37. Kf5 Nb2 38. Rh1 Rxa4 39. Rh7+ Kb8 40. Rxa4 Nxa4 41. Kxe5 Nc5 42. Kd6 Nb7+ 43. Kc6 Na5+ 44.
Kb6 Nc4+ 45. Kc5 Na5 46. b6 Nb7+ 47. Kc6 Na5+ 48. Kb5 Nb3 49. Rd7 Kc8 50. b7+ Kb8 51.
Kb6 1-0

[Event "*** Titled Tuesday Blitz"]
[Site "Chess.com"]
[Date "2020.04.21"]
[Round "1"]
[White "Budisavljevic"]
[Black "Fandorine"]
[Result "1/2-1/2"]
[WhiteElo "2467"]
[BlackElo "2884"]
[TimeControl "180+1"]
[EndTime "10:07:22 PDT"]
[Termination "Game drawn by repetition"]

1. d4 Nf6 2. Nf3 g6 3. c4 Bg7 4. Nc3 d5 5. h4 dxc4 6. e4 c5 7. d5 b5 8. h5 Nxh5 9. Nxb5 Qa5+ 10. Nc3 Nd7 11. Bd2 Rb8 12. Qc2 Ba6 13. Be2 Qc7 14.
g3 O-O 15. O-O-O Rb6 16. Na4 Rb7 17. Ng5 Nhf6 18. Bf4 Ne5 19. Bxe5 Qxe5 20. f4 Qc7 21. e5 Nd7 22. Rxh7 Nxe5 23. Rdh1 Rfb8 24. Bd1 Nd3+ 25. Kd2 Qa5+ 26. Ke3 c3 27. Rxg7+ Kxg7 28. Rh7+ Kg8 29. Rh8+ Kg7 30. Rh7+ Kg8 31. Rh8+ Kg7 32. Rh7+ 1/2-1/2